 Dungeon Crawl Stone Soup version 0.31-a0-175-g9f7f995f2b (webtiles) character file.

Game seed: 1428944880446971215

45 qw the Shooter (level 3, 0/22 HPs)
             Began as a Gargoyle Hunter on June 17, 2023.
             Slain by Grinder (9 damage)
             ... while paralysed by Grinder
             ... on level 3 of the Dungeon.
             The game lasted 00:00:27 (2174 turns).

qw the Shooter (Gargoyle Hunter)                    Turns: 2174, Time: 00:00:28

Health: 0/22       AC:  9    Str: 14    XL:     3   Next: 64%
Magic:  3/3        EV:  2    Int:  9    God:
Gold:   105        SH:  0    Dex: 15    Spells: 2/2 levels left

rFire   . . .        Y - +0 shortbow
rCold   . . .        (shield currently unavailable)
rNeg    + . .        b - +0 ring mail
rPois   inf          (no helmet)
rElec   +            (no cloak)
rCorr   .            f - +0 pair of gloves
SInv    .            (no boots)
Will    .....        (no amulet)
Stlth   +            (no ring)
HPRegen 0.23/turn    (no ring)
MPRegen 0.08/turn

%: no passive effects
@: paralysed
A: sickness immunity, AC +3, negative energy resistance 1, electricity
resistance, torment resistance 1, petrification resistance
a: no special abilities


You were on level 3 of the Dungeon.
You visited 1 branch of the dungeon, and saw 3 of its levels.

You collected 149 gold pieces.
You spent 44 gold pieces at shops.


Innate Abilities, Weirdness & Mutations

You are immune to sickness and miasma.
Your stone body is resilient. (AC +3)
You are immune to poison.
You resist negative energy. (rN+)
You are resistant to electric shocks. (rElec)
You are resistant to unholy torment.
You are immune to petrification.


   Skills:
 + Level 2.3 Fighting
 - Level 5.0 Ranged Weapons
 - Level 1.3 Armour
 - Level 1.5 Dodging
 - Level 1.1 Stealth


You had 2 spell levels left.
You didn't know any spells.
Your spell library was empty.

Inventory:

Hand Weapons
 Y - a +0 shortbow (weapon)
Armour
 b - a +0 ring mail (worn)
 f - a +0 pair of gloves (worn)
Jewellery
 h - an amulet of regeneration
Scrolls
 c - a scroll of enchant weapon {unknown}
 e - a scroll of identify
 g - a scroll of blinking {unknown}
Potions
 a - a potion of curing {unknown}
 d - a potion of brilliance {unknown}

Dungeon Overview and Level Annotations

Branches:
Dungeon (3/15)

Altars:
Trog
Uskayaw

Shops:
D:2 *

Annotations:
D:3 Grinder


Message History

Enter note:
Enter note:
Enter note:
Enter note:
Enter note:
Enter note:
Enter note:
Enter note:
Enter note:
Enter note:
Enter note:
Enter note:
Enter note:
Enter note: You shoot an arrow.
The arrow completely misses Grinder.
Grinder says, "I used to sell toenails on the black market."
You shoot an arrow. The arrow closely misses Grinder.
Grinder blinks!
You shoot an arrow. The arrow closely misses Grinder.
Grinder misses you.
You shoot an arrow.
The arrow hits Grinder but does no damage.
Grinder is lightly wounded.
Grinder completely misses you. Grinder gestures at you.
Pain shoots through your body!
You shoot an arrow. The arrow closely misses Grinder.
Grinder hits you.
You writhe in agony.
You shoot an arrow.
The arrow hits Grinder but does no damage.
Grinder is lightly wounded.
Grinder misses you.
You shoot an arrow. The arrow hits Grinder.
Grinder is moderately wounded.
Grinder hits you.
You writhe in agony.
Grinder gestures at you.
You suddenly lose the ability to move!
Grinder hits you but does no damage. Grinder hits you!
You die...

#...%....#....#
#.#####..#....#
#..###...#....####
#...#....#.......(
###.8.#(8..##.....##
#....)#....##.....##
#.##.#.. ##...##...####
#....5.#####..##...# #
#@.......##...# #
#..............##...# P#
#.######...#.####.).##.#
##..#.# #...##P# ##.#.#
#...##.# #.#.# #...##P#
#.#.# #...# # #.#.#
##...# # #....####


You could see Grinder.

Vanquished Creatures
  An adder (D:3)
  3 dart slugs
  2 ball pythons (D:3)
  4 bats
  An endoplasm (D:2)
  3 giant cockroaches (D:1)
  2 goblins
  4 hobgoblins
  2 frilled lizards
  3 kobolds
  2 rats
27 creatures vanquished.

Notes
Turn   | Place    | Note
-------+----------+-------------------------------------------
     0 | D:1      | qw the Gargoyle Hunter began the quest for the Orb.
     0 | D:1      | Reached XP level 1. HP: 12/12 MP: 1/1
     0 | D:1      | 0 ||| qw: Version: 0.3-a-2-g5ab2908
     0 | D:1      | 0 ||| qw: Game counter: 189
     0 | D:1      | 0 ||| qw: Always use a shield: true
     0 | D:1      | 0 ||| qw: God list: Okawaru
     0 | D:1      | 0 ||| qw: Allow faded altars: false
     0 | D:1      | 0 ||| qw: Do Orc after D:15 true
     0 | D:1      | 0 ||| qw: Do second Lair branch before Depths: true
     0 | D:1      | 0 ||| qw: Lair rune preference: random
     0 | D:1      | 0 ||| qw: Plans: Normal, Zot:1-4, Slime:5, God:TSO, Crypt,
                  | Tomb, Abyss, Pan, Hells, Win
     0 | D:1      | 0 ||| PLANNING D:1-11
   249 | D:1      | Found a faded altar of an unknown god.
   323 | D:1      | Reached XP level 2. HP: 17/17 MP: 2/2
   686 | D:1      | 686 ||| UPGRADING to +0 pair of gloves.
   691 | D:1      | 691 ||| READING scroll labelled ANIUQY WANEXZUOB.
   692 | D:1      | 692 ||| READING scroll labelled DINIPO LUMN.
   693 | D:1      | 693 ||| DROPPING scroll of butterflies.
   839 | D:2      | Found Koph's General Store.
   845 | D:2      | 845 ||| SHOPLISTING +0 pair of boots of stealth (126 gold,
                  | have 80).
   845 | D:2      | 845 ||| BUYING +0 ring mail (44 gold).
   845 | D:2      | Bought a +0 ring mail for 44 gold pieces
   845 | D:2      | 845 ||| SHOPLISTING 2 potions of haste (220 gold, have 36).
   966 | D:2      | Found a bloodstained altar of Trog.
  1310 | D:2      | 1310 ||| UPGRADING to +0 ring mail.
  1320 | D:2      | 1320 ||| DROPPING +0 leather armour.
  1321 | D:2      | 1321 ||| READING scroll labelled VATERGH JITAPP.
  1322 | D:2      | 1322 ||| READING 2 scrolls labelled IMUENKA CAECACW.
  1401 | D:3      | Reached XP level 3. HP: 21/21 MP: 3/3
  1440 | D:3      | Found a hide-covered altar of Uskayaw.
  1461 | D:3      | Reached skill level 1 in Armour
  2030 | D:3      | Reached skill level 5 in Ranged Weapons
  2152 | D:3      | Noticed Grinder
  2162 | D:3      | Paralysed by Grinder for 4 turns
  2172 | D:3      | Paralysed by Grinder for 4 turns
  2174 | D:3      | Slain by Grinder

Levels and vault maps discovered:
D:1:      ncdulo_wetmaze, layout_basic, shapermc_ecumenical_altar_totnotflames
D:2:      layout_basic, serial_shops, nicolae_shop_rolling_square, basic_altar,
          wander_ebering_terrifying_dragon_lair
D:3:      layout_basic, mainiacjoe_overflow_alcove_2, serial_aquarium,
          aquarium_bridge_square [aquarium_subvault_bridge,
          aquarium_subvault_bridge, aquarium_subvault_window,
          aquarium_subvault_bridge], aquarium_bridge_square
          [aquarium_subvault_bridge, aquarium_subvault_window,
          aquarium_subvault_bridge, aquarium_subvault_balcony],
          aquarium_window_2, aquarium_window_1, aquarium_window_1,
          aquarium_window_2, aquarium_view_2c, aquarium_balcony_1b,
          mrwooster_statue_mirror, uniq_grinder

Skill      XL: |  1  2  3 |
---------------+----------+-----
Armour         | 1 |  1.3
Ranged Weapons | 5 |  5.0
Fighting       | |  2.3
Dodging        | |  1.5
Stealth        | |  1.1

Action                     || total
---------------------------++-------
   Fire: Shortbow          ||    71
    Use: Scroll            ||     4
 Armour: Leather armour    ||     6
         Ring mail         ||     4
  Dodge: Dodged            ||     9

Table legend:
 A = Non-vault XP
 B = Vault XP
 C = Vault XP percentage of total XP
 D = Non-vault monster count
 E = Vault monster count
 F = Vault count percentage of total count
                 A         B        C        D         E       F
            +---------+---------+-------+---------+---------+-------
      Total |      64 |       1 |   1.5 |      26 |       1 |   3.7
            +---------+---------+-------+---------+---------+-------
        D:1 |      17 |       0 |   0.0 |       9 |       0 |   0.0
        D:2 |      13 |       1 |   7.1 |       7 |       1 |  12.5
        D:3 |      34 |       0 |   0.0 |      10 |       0 |   0.0
            +---------+---------+-------+---------+---------+-------
